3A
DELAWARE 1787 BC @ MYRTLE BEACH SEAHAWKS
08/07/2024
 
TOP OF THE 1ST
Delaware 1787 BC batting - Pitching for Myrtle Beach Seahawks : LHP Billy Grange
Pitching: LHP Billy Grange
Batting: RHB José López 0-0: Ball
1-0: Ground out 6-3 (Groundball, 6M)
Batting: LHB Ward Wilberfoss 0-0: Called Strike
0-1: Called Strike
0-2: Strikes out looking
Batting: RHB Nelson Torez 0-0: Called Strike
0-1: Foul Ball, location: 2F
0-2: Ball
1-2: SINGLE (Line Drive, 4M)
Batting: RHB Gianpaolo Monachino 0-0: Ball
1-0: Called Strike
1-1: DOUBLE (Line Drive, 8LS)
Nelson Torez to third
Runner from 3rd tries for Home, SAFE, no throw or cutoff
Batting: RHB Nobuhiko Nakayama 0-0: Ball
1-0: Called Strike
1-1: Ball
2-1: Fly out, F5 (Popup, 5F)
Top of the 1st over - 1 run(s), 2 hit(s), 0 error(s), 1 left on base; Delaware 1 - Myrtle Beach 0
BOTTOM OF THE 1ST
Myrtle Beach Seahawks batting - Pitching for Delaware 1787 BC : RHP Jesús Guerra
Pitching: RHP Jesús Guerra
Batting: RHB Thom Beach 0-0: Called Strike
0-1: Ball
1-1: Ball
2-1: Called Strike
2-2: DOUBLE (Line Drive, 9M)
Batting: RHB José Morín 0-0: Ball
1-0: Ball
2-0: Fly out, F6 (Line Drive, 6M)
Batting: SHB Bill Peterson 0-0: Called Strike
0-1: Swinging Strike
0-2: Ball
1-2: Ball
2-2: Foul Ball, location: 2F
2-2: Ball
3-2: SINGLE (Groundball, 5D)
Thom Beach to third
Batting: RHB Juan Báez 0-0: Called Strike
0-1: Ball
1-1: Foul Ball, location: 2F
1-2: Ball
Bill Peterson steals 2nd base
2-2: Ball
3-2: Foul Ball, location: 2F
3-2: Foul Ball, location: 2F
3-2: Ground out 2-3 (Groundball, 25)
Batting: RHB León Sánchez 0-0: Called Strike
0-1: Ball
1-1: Swinging Strike
1-2: Strikes out swinging
Bottom of the 1st over - 0 run(s), 2 hit(s), 0 error(s), 2 left on base; Delaware 1 - Myrtle Beach 0
TOP OF THE 2ND
Delaware 1787 BC batting - Pitching for Myrtle Beach Seahawks : LHP Billy Grange
Batting: RHB Gilberto Rodríguez 0-0: Ball
1-0: Called Strike
1-1: Foul Ball, location: 2F
1-2: Strikes out swinging
Batting: RHB Julián García 0-0: Foul Ball, location: 2F
0-1: Ball
1-1: Called Strike
1-2: Foul Ball, location: 2F
1-2: Strikes out swinging
Batting: SHB Luchino Salimbeni 0-0: SINGLE (Groundball, 6MD) (infield hit)
Batting: RHB Thurman Blumer 0-0: Swinging Strike
0-1: Ground out 1-3 (Groundball, 13)
Top of the 2nd over - 0 run(s), 1 hit(s), 0 error(s), 1 left on base; Delaware 1 - Myrtle Beach 0
BOTTOM OF THE 2ND
Myrtle Beach Seahawks batting - Pitching for Delaware 1787 BC : RHP Jesús Guerra
Batting: LHB Tae-sang Han 0-0: Swinging Strike
0-1: Bunt for hit - play at first, batter safe!
Batting: LHB Jim Unknown 0-0: Fielders Choice at 2nd, 4-6 (Groundball, 4)
Batting: RHB Rodney Dudley 0-0: Ball
1-0: Fielders Choice at 2nd, 6-4 (Groundball, 6)
Batting: RHB Pedro Méndez 0-0: Swinging Strike
0-1: Fly out, F8 (Flyball, 78M)
Bottom of the 2nd over - 0 run(s), 1 hit(s), 0 error(s), 1 left on base; Delaware 1 - Myrtle Beach 0
TOP OF THE 3RD
Delaware 1787 BC batting - Pitching for Myrtle Beach Seahawks : LHP Billy Grange
Batting: RHB José López 0-0: Ball
1-0: SINGLE (Line Drive, 8RS)
Batting: LHB Ward Wilberfoss 0-0: Ball
1-0: Fly out, F4 (Popup, 34)
Batting: RHB Nelson Torez 0-0: Ball
1-0: Ball
2-0: Foul Ball, location: 2F
2-1: Grounds into double play, 6-4-3 (Groundball, 6M)
Top of the 3rd over - 0 run(s), 1 hit(s), 0 error(s), 0 left on base; Delaware 1 - Myrtle Beach 0
BOTTOM OF THE 3RD
Myrtle Beach Seahawks batting - Pitching for Delaware 1787 BC : RHP Jesús Guerra
Batting: RHB Thom Beach 0-0: Called Strike
0-1: SOLO HOME RUN (Line Drive, 78XD), Distance : 458 ft
Batting: RHB José Morín 0-0: Called Strike
0-1: Ball
1-1: Ball
2-1: Fly out, F9 (Flyball, 9LM)
Batting: SHB Bill Peterson 0-0: Ball
1-0: Fly out, F8 (Flyball, 8RM)
Batting: RHB Juan Báez 0-0: Ball
1-0: Called Strike
1-1: Foul Ball, location: 2F
1-2: Fly out, F8 (Flyball, 8LM)
Bottom of the 3rd over - 1 run(s), 1 hit(s), 0 error(s), 0 left on base; Delaware 1 - Myrtle Beach 1
TOP OF THE 4TH
Delaware 1787 BC batting - Pitching for Myrtle Beach Seahawks : LHP Billy Grange
Batting: RHB Gianpaolo Monachino 0-0: Ground out 6-3 (Groundball, 6M)
Batting: RHB Nobuhiko Nakayama 0-0: Fly out, F4 (Line Drive, 4M)
Batting: RHB Gilberto Rodríguez 0-0: Ball
1-0: Ball
2-0: Ball
3-0: Called Strike
3-1: Foul Ball, location: 2F
3-2: Base on Balls
Batting: RHB Julián García 0-0: Ball
1-0: Ball
2-0: Called Strike
2-1: Foul Ball, location: 2F
2-2: Ball
3-2: Ground out 6-3 (Groundball, 6)
Top of the 4th over - 0 run(s), 0 hit(s), 0 error(s), 1 left on base; Delaware 1 - Myrtle Beach 1
BOTTOM OF THE 4TH
Myrtle Beach Seahawks batting - Pitching for Delaware 1787 BC : RHP Jesús Guerra
Batting: RHB León Sánchez 0-0: Ball
1-0: Foul Ball, location: 2F
1-1: Ball
2-1: Foul Ball, location: 2F
2-2: SINGLE (Flyball, 4D)
Batting: LHB Tae-sang Han 0-0: Grounds into double play, U6-3 (Groundball, 6M)
Batting: LHB Jim Unknown 0-0: Called Strike
0-1: Ball
1-1: Ball
2-1: Called Strike
2-2: Ball
3-2: Foul Ball, location: 2F
3-2: Foul Ball, location: 2F
3-2: Base on Balls
Batting: RHB Rodney Dudley 0-0: Called Strike
0-1: Ball
1-1: Fly out, F6 (Popup, 6MS)
Bottom of the 4th over - 0 run(s), 1 hit(s), 0 error(s), 1 left on base; Delaware 1 - Myrtle Beach 1
TOP OF THE 5TH
Delaware 1787 BC batting - Pitching for Myrtle Beach Seahawks : LHP Billy Grange
Batting: SHB Luchino Salimbeni 0-0: Ball
1-0: Ground out 6-3 (Groundball, 6)
Batting: RHB Thurman Blumer 0-0: Called Strike
0-1: Ground out 6-3 (Groundball, 6)
Batting: RHB José López 0-0: Ball
1-0: Fly out, F5 (Popup, 15)
Top of the 5th over - 0 run(s), 0 hit(s), 0 error(s), 0 left on base; Delaware 1 - Myrtle Beach 1
BOTTOM OF THE 5TH
Myrtle Beach Seahawks batting - Pitching for Delaware 1787 BC : RHP Jesús Guerra
Batting: RHB Pedro Méndez 0-0: Ball
1-0: Called Strike
1-1: SINGLE (Line Drive, 6D)
Batting: RHB Thom Beach 0-0: Bunted foul
0-1: Bunted foul
0-2: Fly out, F5 (Line Drive, 5)
Batting: RHB José Morín 0-0: Ball
1-0: Foul Ball, location: 2F
1-1: Ball
2-1: Swinging Strike
2-2: Ball
3-2: Strikes out swinging
Batting: SHB Bill Peterson 0-0: Ground out 4-3 (Groundball, 4)
Bottom of the 5th over - 0 run(s), 1 hit(s), 0 error(s), 1 left on base; Delaware 1 - Myrtle Beach 1
TOP OF THE 6TH
Delaware 1787 BC batting - Pitching for Myrtle Beach Seahawks : LHP Billy Grange
Batting: LHB Ward Wilberfoss 0-0: Ball
1-0: Foul Ball, location: 2F
1-1: Called Strike
1-2: Ball
2-2: SINGLE (Groundball, 56D)
Batting: RHB Nelson Torez 0-0: Called Strike
0-1: Fly out, F8 (Flyball, 8LXD)
Batting: RHB Gianpaolo Monachino 0-0: Ball
1-0: Called Strike
1-1: Ball
2-1: Fly out, F9 (Flyball, 89S)
Batting: RHB Nobuhiko Nakayama 0-0: Ball
1-0: Swinging Strike
1-1: Fly out, F6 (Popup, 56)
Top of the 6th over - 0 run(s), 1 hit(s), 0 error(s), 1 left on base; Delaware 1 - Myrtle Beach 1
BOTTOM OF THE 6TH
Myrtle Beach Seahawks batting - Pitching for Delaware 1787 BC : RHP Jesús Guerra
Batting: RHB Juan Báez 0-0: Swinging Strike
0-1: Ground out 6-3 (Groundball, 6M)
Batting: RHB León Sánchez 0-0: Ball
1-0: Called Strike
1-1: Ball
2-1: Ball
3-1: Ground out 1-3 (Groundball, 15)
Batting: LHB Tae-sang Han 0-0: Ball
1-0: Fly out, F9 (Flyball, 89M)
Bottom of the 6th over - 0 run(s), 0 hit(s), 0 error(s), 0 left on base; Delaware 1 - Myrtle Beach 1
TOP OF THE 7TH
Delaware 1787 BC batting - Pitching for Myrtle Beach Seahawks : LHP Billy Grange
Batting: RHB Gilberto Rodríguez 0-0: Ball
1-0: Foul Ball, location: 2F
1-1: Called Strike
1-2: Ground out 6-3 (Groundball, 6)
Batting: RHB Julián García 0-0: Called Strike
0-1: Ground out 5-3 (Groundball, 56)
Pinch Hitting: RHB Jorge Figueroa 0-0: Called Strike
0-1: Ball
1-1: Fly out, F9 (Flyball, 9M)
Top of the 7th over - 0 run(s), 0 hit(s), 0 error(s), 0 left on base; Delaware 1 - Myrtle Beach 1
BOTTOM OF THE 7TH
Myrtle Beach Seahawks batting - Pitching for Delaware 1787 BC : RHP Jesús Guerra
Now at 2B: Jorge Figueroa
Batting: LHB Jim Unknown 0-0: Ball
1-0: Called Strike
1-1: Ball
2-1: Ball
3-1: Swinging Strike
3-2: Base on Balls
Pinch Hitting: RHB César Villarreal 0-0: Ball
1-0: Bunted foul
1-1: Bunted foul
1-2: Foul Ball, location: 2F
1-2: Ball
2-2: Foul Ball, location: 2F
2-2: SINGLE (Line Drive, 4MD)
Jim Unknown to second
Runner from 2nd tries for 3rd, SAFE, no throw or cutoff
Pitching: LHP Jim Unknown
Batting: RHB Pedro Méndez 0-0: Called Strike
0-1: SINGLE (Groundball, 56D)
Jim Unknown scores
César Villarreal to second
Batting: RHB Thom Beach 0-0: Ball
1-0: Ball
2-0: Bunt missed!
2-1: Bunted foul
2-2: SINGLE (Groundball, 6MD)
César Villarreal to third
Pedro Méndez to second
Batting: RHB José Morín 0-0: Fly out, F7 (Flyball, 7M)
Batting: SHB Bill Peterson 0-0: Ball
1-0: Swinging Strike
1-1: Foul Ball, location: 2F
1-2: SINGLE (Flyball, 7S)
César Villarreal scores
Pedro Méndez to third
Thom Beach to second
Batting: RHB Juan Báez 0-0: Ball
1-0: Fly out, F8 (Flyball, 8RM)
Runner from 3rd tags up, SCORES, throw made
Batting: RHB León Sánchez 0-0: Called Strike
0-1: Ball
1-1: Foul Ball, location: 2F
1-2: Ground out 6-3 (Groundball, 6D)
Bottom of the 7th over - 3 run(s), 4 hit(s), 0 error(s), 2 left on base; Delaware 1 - Myrtle Beach 4
TOP OF THE 8TH
Delaware 1787 BC batting - Pitching for Myrtle Beach Seahawks : LHP Billy Grange
Now in LF: César Villarreal
Batting: RHB Thurman Blumer 0-0: Swinging Strike
0-1: Ball
1-1: Ball
2-1: Ground out 5-3 (Groundball, 56)
Pitching: RHP Germán Romo
Batting: RHB José López 0-0: Ball
1-0: SINGLE (Line Drive, 34D)
Pitching: RHP Jack Ward
Batting: LHB Ward Wilberfoss 0-0: Called Strike
0-1: Fly out, F7 (Flyball, 7LMF)
Batting: RHB Nelson Torez 0-0: Ball
1-0: Foul Ball, location: 2F
1-1: Foul Ball, location: 2F
1-2: Strikes out swinging
Top of the 8th over - 0 run(s), 1 hit(s), 0 error(s), 1 left on base; Delaware 1 - Myrtle Beach 4
BOTTOM OF THE 8TH
Myrtle Beach Seahawks batting - Pitching for Delaware 1787 BC : LHP Jim Unknown
Batting: LHB Tae-sang Han 0-0: Ball
1-0: Called Strike
1-1: Ball
2-1: Called Strike
2-2: Foul Ball, location: 2F
2-2: Foul Ball, location: 2F
2-2: Foul Ball, location: 2F
2-2: Strikes out looking
Batting: LHB Jim Unknown 0-0: SINGLE (Groundball, 6MD)
Batting: RHB César Villarreal 0-0: Ball
1-0: Called Strike
1-1: Ball
2-1: Foul Ball, location: 2F
2-2: SINGLE (Line Drive, 8RS)
Jim Unknown to second
Batting: RHB Pedro Méndez 0-0: Ball
1-0: Ball
2-0: Ball
3-0: Base on Balls
Jim Unknown to third
César Villarreal to second
Batting: RHB Thom Beach 0-0: Foul Ball, location: 2F
0-1: Ball
1-1: Ball
2-1: Grounds into double play, 4-6-3 (Groundball, 4)
Bottom of the 8th over - 0 run(s), 2 hit(s), 0 error(s), 2 left on base; Delaware 1 - Myrtle Beach 4
TOP OF THE 9TH
Delaware 1787 BC batting - Pitching for Myrtle Beach Seahawks : RHP Jack Ward
Pitching: RHP Salvador Ramos
Batting: RHB Gianpaolo Monachino 0-0: Foul Ball, location: 2F
0-1: Ground out 6-3 (Groundball, 6)
Batting: RHB Nobuhiko Nakayama 0-0: Swinging Strike
0-1: Ball
1-1: Called Strike
1-2: Fly out, F9 (Flyball, 9LD)
Batting: RHB Gilberto Rodríguez 0-0: Ball
1-0: Ball
2-0: Ball
3-0: Called Strike
3-1: Foul Ball, location: 2F
3-2: Foul Ball, location: 2F
3-2: Foul Ball, location: 2F
3-2: Foul Ball, location: 2F
3-2: Foul Ball, location: 2F
3-2: Foul Ball, location: 2F
3-2: Base on Balls
Batting: RHB Julián García 0-0: Called Strike
0-1: Ball
1-1: Fly out, F7 (Line Drive, 7M)
Top of the 9th over - 0 run(s), 0 hit(s), 0 error(s), 1 left on base; Delaware 1 - Myrtle Beach 4
This league is powered by Out of the Park Baseball, the baseball management simulation game for PC, Mac and Linux
Monday, October 3rd, 2016 - OOTP Baseball 16.9 Build 39